 Dungeon Crawl Stone Soup version 0.29.0-4-gdea44cf6ec (webtiles) character file.

Game seed: 14347025862798226595

40 qw the Chopper (level 3, -2/21 HPs)
             Began as a Tengu Warper on Aug 28, 2022.
             Frozen to death by an endoplasm (3 damage)
             ... on level 2 of the Dungeon.
             The game lasted 00:00:08 (929 turns).

qw the Chopper (Tengu Warper)                        Turns: 929, Time: 00:00:08

Health: -2/21      AC:  6    Str: 13    XL:     3   Next: 50%
Magic:  7/7        EV:  9    Int: 13    God:
Gold:   69         SH:  0    Dex: 13    Spells: 6/6 levels left

rFire   . . .      SeeInvis .   Y - +0 hand axe
rCold   . . .      Faith    .   (no shield)
rNeg    . . .      Spirit   .   f - +0 scale mail
rPois   .          Reflect  .   (helmet restricted)
rElec   .          Harm     .   (no cloak)
rCorr   .          Rampage  .   (no gloves)
Will    .....                   (boots unavailable)
Stlth   ..........              (no amulet)
HPRegen 0.07/turn               (no ring)
MPRegen 0.10/turn               (no ring)

@: about to teleport
A: beak, talons 3
a: no special abilities


You were on level 2 of the Dungeon.
You visited 1 branch of the dungeon, and saw 2 of its levels.

You collected 69 gold pieces.


Innate Abilities, Weirdness & Mutations

You have a beak for a mouth.
You have claws for feet.


   Skills:
 - Level 2.0 Fighting
 + Level 4.2 Axes
 - Level 1.0 Throwing
 - Level 1.1 Armour
 - Level 2.1 Dodging
 - Level 2.0 Spellcasting
 - Level 2.4 Translocations


You had 6 spell levels left.
You didn't know any spells.
Your spell library contained the following spells:

 Spells                   Type           Power      Damage    Failure   Level
 Blink                    Tloc           14%        N/A       56%         2
 Gell's Gravitas          Tloc           7%         N/A       80%         3
 Lesser Beckoning         Tloc           7%         N/A       80%         3
 Teleport Other           Tloc           7%         N/A       80%         3
 Manifold Assault         Tloc           7%         N/A       100%        5

Inventory:

Hand Weapons
 h - a +0 flail
 Y - a +0 hand axe (weapon)
Armour
 f - a +0 scale mail (worn)

Dungeon Overview and Level Annotations

Branches:
Dungeon (2/15)

Altars:

Annotations:
D:2 Robin


Message History

A rat comes into view.
The goblin hits you with a +0 club.
You hit the hobgoblin.
You kill the hobgoblin!
You hit the goblin. You hit the hobgoblin. You hit the goblin.
The goblin closely misses you.
You hit the hobgoblin. Your peck misses the hobgoblin.
The hobgoblin is severely wounded.
You hit the goblin. You hit the goblin but do no damage.
You closely miss the goblin.
The hobgoblin hits you but does no damage.
The goblin hits you but does no damage.
Robin says, "My army is invincible!"
Robin throws the goblin at you! The goblin hits you but does no damage.
The goblin hits you with a +0 club. x2
You slash the goblin!
You kill the goblin!
You barely miss the goblin. You barely miss the hobgoblin.
You hit the endoplasm but do no damage. You hit the goblin.
You kill the goblin!
You hit the goblin.
The hobgoblin hits you but does no damage.
The endoplasm barely misses you. The goblin hits you with a +0 club.
The goblin closely misses you. The ball python barely misses you.
The ball python grabs you. The ball python constricts you.
928 ||| READING scroll of teleportation.
As you read the scroll of teleportation, it crumbles to dust.
You feel strangely unstable. The endoplasm barely misses you.
The goblin hits you but does no damage. x2
The ball python bites you. The ball python constricts you.
You hit the ball python.
You kill the ball python!
You hit the goblin.
You kill the goblin!
You closely miss the goblin. You hit the hobgoblin. You hit the endoplasm.
You hit the hobgoblin but do no damage. The hobgoblin closely misses you.
The endoplasm freezes you.
You are frozen.
You die...

.. ... #. #.
####...#.
##.##.###.... ...
...........< ..#.
........... .....
#.r#.#.#.##...#!
#..g............
#..#.#Jg........
#....g@g<.......
...##.Jg#.###.##.
......#...
...##.#.#.### .>
........ .
......#.#
.#####..# .. ...


You could see Robin, 2 endoplasms, 3 hobgoblins, a goblin (strong) and a rat.

Vanquished Creatures
  5 ball pythons
  4 endoplasms (D:1)
  A giant cockroach (D:1)
  4 hobgoblins
  3 jackals (D:1)
  3 quokkas (D:1)
  2 bats (D:1)
  4 frilled lizards (D:1)
  7 goblins
  3 kobolds (D:1)
  2 rats (D:1)
38 creatures vanquished.

Notes
Turn   | Place    | Note
-------+----------+-------------------------------------------
     0 | D:1      | qw the Tengu Warper began the quest for the Orb.
     0 | D:1      | Reached XP level 1. HP: 12/12 MP: 4/4
     0 | D:1      | 0 ||| qw: Version: 0.1-a-89-g26bdef1
     0 | D:1      | 0 ||| qw: Game counter: 2353
     0 | D:1      | 0 ||| qw: Always use a shield: true
     0 | D:1      | 0 ||| qw: God list: Okawaru
     0 | D:1      | 0 ||| qw: Allow faded altars: false
     0 | D:1      | 0 ||| qw: Do Orc after D:15 true
     0 | D:1      | 0 ||| qw: Do second Lair branch before Depths: true
     0 | D:1      | 0 ||| qw: Lair rune preference: random
     0 | D:1      | 0 ||| qw: Plans: Normal
     0 | D:1      | 0 ||| PLANNING D:1-11
   188 | D:1      | Reached XP level 2. HP: 17/17 MP: 6/6
   200 | D:1      | Reached skill level 3 in Axes
   263 | D:1      | 263 ||| Stepping ~*~*~tactically~*~*~ (stealth).
   401 | D:1      | 401 ||| DROPPING +0 club.
   525 | D:1      | Reached XP level 3. HP: 21/21 MP: 7/7
   856 | D:1      | Reached skill level 4 in Axes
   876 | D:1      | 876 ||| UPGRADING to +0 scale mail.
   886 | D:1      | 886 ||| DROPPING +0 leather armour.
   887 | D:1      | 887 ||| READING 2 scrolls labelled GULUCV GEIMUJ.
   891 | D:1      | 891 ||| READING scroll labelled CEEDUG IDUIRU.
   892 | D:1      | 892 ||| READING scroll labelled AKETANW ULEMA.
   893 | D:1      | 893 ||| READING scroll labelled VITIOCESOB.
   894 | D:1      | 894 ||| DROPPING scroll of blinking.
   919 | D:2      | Noticed Robin
   920 | D:2      | 920 ||| Stepping ~*~*~tactically~*~*~ (hiding).
   921 | D:2      | 921 ||| Stepping ~*~*~tactically~*~*~ (hiding).
   927 | D:2      | HP: 3/21 [goblin/+0 club[Robin] (6)]
   928 | D:2      | 928 ||| READING scroll of teleportation.
   928 | D:2      | HP: 1/21 [ball python (2)]
   929 | D:2      | Frozen to death by an endoplasm

Levels and vault maps discovered:
D:1:      minmay_arrival_three_doors, layout_loops_cross
D:2:      cheibrodos_pilgrimage, layout_basic, hex_large, uniq_robin,
          uniq_natasha, uniq_sigmund

Skill      XL: |  1  2  3 |
---------------+----------+-----
Axes           | 3 4 |  4.2
Fighting       | |  2.0
Throwing       | |  1.0
Armour         | |  1.1
Dodging        | |  2.1
Spellcasting   | |  2.0
Translocations | |  2.4

Action                   || total
-------------------------++-------
Melee: Hand axe          ||    68
       Kick              ||    20
       Peck              ||     6
Throw: Boomerang         ||     7
  Use: Scroll            ||     5
 Stab: Sleeping          ||     1
Armor: Leather armour    ||    14
       Scale mail        ||     8
Dodge: Dodged            ||    34

Table legend:
 A = Non-vault XP
 B = Vault XP
 C = Vault XP percentage of total XP
 D = Non-vault monster count
 E = Vault monster count
 F = Vault count percentage of total count
                 A         B        C        D         E       F
            +---------+---------+-------+---------+---------+-------
      Total |      47 |      14 |  23.0 |      31 |       7 |  18.4
            +---------+---------+-------+---------+---------+-------
        D:1 |      46 |       0 |   0.0 |      30 |       0 |   0.0
        D:2 |       1 |      14 |  93.3 |       1 |       7 |  87.5
            +---------+---------+-------+---------+---------+-------
